 Dungeon Sprint DCSS version 0.17-a0-1447-g3d113ad (webtiles) character file.

219 pulse the Cleaver (level 6, -3/47 HPs)
             Began as a Formicid Fighter on June 30, 2015.
             Was an Initiate of Qazlal.
             Slain by a killer bee (7 damage)
             ... in the Dungeon (Sprint IV: "Fedhas' Mad Dash").
             The game lasted 00:02:29 (256 turns).

pulse the Cleaver (Formicid Fighter)                 Turns: 256, Time: 00:02:29

Health: -3/47      AC:  6    Str: 22    XL:     6   Next: 18%
Magic:  6/7        EV:  9    Int:  8    God:    Qazlal [......]
Gold:   69         SH:  9    Dex: 10    Spells: 0 memorised, 5 levels left

rFire  . . .     SeeInvis +     a - +0 war axe
rCold  . . .     Clarity  .     b - +0 scale mail
rNeg   . . .     SustAt   .     c - +0 shield
rPois  .         Gourm    .     (helmet unavailable)
rElec  .         Spirit   .     (no cloak)
rCorr  .         Warding  .     (no gloves)
rMut   .         Stasis   +     (no boots)
MR     .....                    (no amulet)
Stlth  ..........               (no ring)
                                l - ring of invisibility

@: lethally poisoned (-3 -> -12), not resistant to hostile enchantments,
extremely unstealthy
A: permanent stasis, dig shafts and tunnels, four strong arms, antennae 3
a: Dig, Renounce Religion, Evoke Invisibility


You were in the Dungeon.
You worshipped Qazlal.
Qazlal was noncommittal.
You were not hungry.

You visited 1 branch You collected 69 gold pieces.

Inventory:

Hand weapons
 a - a +0 war axe (weapon)
Armour
 b - a +0 scale mail (worn)
 c - a +0 shield (worn)
Jewellery
 l - a ring of invisibility (left hand)
Scrolls
 k - a scroll of blinking
Potions
 h - a potion of haste
 i - 2 potions of magic
 j - a potion of berserk rage
Comestibles
 e - a bread ration


   Skills:
 - Level 3.2 Fighting
 * Level 11.0 Axes
 - Level 3.2 Armour
 + Level 3.1 Dodging
 - Level 3.6 Shields
 + Level 1.5 Evocations


You had 5 spell levels left.
You didn't know any spells.

Dungeon Overview and Level Annotations

Branches:
Dungeon (1/1)

Altars:
Cheibriados
Dithmenos
Elyvilon
Gozag
Kikubaaqudgha
Makhleb
Nemelex Xobeh
Okawaru
Qazlal
Ru
Sif Muna
Trog
Vehumet
Xom
Yredelemnul
Zin
The Shining One
Beogh
Jiyva
Lugonu


Innate Abilities, Weirdness & Mutations

You are under a permanent stasis effect.
You can dig through walls and to a lower floor.
Your four strong arms can wield two-handed weapons with a shield.
You have a pair of large antennae on your head (SInv).


Message History

You feel sick. The killer bee closely misses you.
You see here a worker ant corpse.
* * * LOW HITPOINT WARNING * * *
You feel sick. The killer bee barely misses you.
* * * LOW HITPOINT WARNING * * *
You feel sick. You block the killer bee's attack.
* * * LOW HITPOINT WARNING * * *
You feel sick.
There is an open door here.
* * * LOW HITPOINT WARNING * * *
You feel sick.
The killer bee stings you but does no damage. x2
There's a creature in the doorway!
* * * LOW HITPOINT WARNING * * *
You feel sick.
* * * LOW HITPOINT WARNING * * *
You feel sick.
The killer bee stings you but does no damage.
The killer bee stings you!
You die...

#########################
#<..P#.....#.....#.⌠.....
#PP..'.÷@y.'y#†..'._._._.
#PPPP#.÷.y.#.#...#_._._._
###############y##._._._.
♣.......y'...#.⌠...._
%.....♣....†#...########
.y...♣..♣..###### #+##
#+##### { { { { {


You could see a queen bee and 2 killer bees.

Vanquished Creatures
  2 killer bees (D)
  3 oklob saplings (D)
  A worker ant (D)
  A river rat (D)
  A rat (D)
8 creatures vanquished.

Notes
Turn   | Place    | Note
--------------------------------------------------------------
     0 | D        | pulse the Formicid Fighter began the quest for the Orb.
     0 | D        | Reached XP level 1. HP: 18/18 MP: 1/1
     8 | D        | Reached skill level 4 in Axes
     8 | D        | Reached skill level 1 in Dodging
     8 | D        | Reached XP level 2. HP: 21/24 MP: 2/2
    47 | D        | Noticed an oklob sapling
    48 | D        | Killed an oklob sapling
    48 | D        | Reached skill level 6 in Axes
    48 | D        | Reached XP level 3. HP: 29/29 MP: 3/3
    50 | D        | Noticed a worker ant
    51 | D        | Killed a worker ant
    51 | D        | Reached skill level 7 in Axes
    51 | D        | Reached XP level 4. HP: 35/35 MP: 4/4
    62 | D        | Noticed an oklob sapling
    65 | D        | Killed an oklob sapling
    65 | D        | Reached skill level 8 in Axes
    68 | D        | Found a snail-covered altar of Cheibriados.
    68 | D        | Found a glowing silver altar of Zin.
    68 | D        | Found a white marble altar of Elyvilon.
    69 | D        | Found a viscous altar of Jiyva.
    69 | D        | Found a radiant altar of Vehumet.
    69 | D        | Found a deep blue altar of Sif Muna.
    69 | D        | Found a burning altar of Makhleb.
    69 | D        | Found an ancient bone altar of Kikubaaqudgha.
    69 | D        | Found a bloodstained altar of Trog.
    69 | D        | Found a corrupted altar of Lugonu.
    69 | D        | Found a sacrificial altar of Ru.
    69 | D        | Noticed an oklob sapling priest
    70 | D        | Found a glowing golden altar of the Shining One.
    70 | D        | Found a sparkling altar of Nemelex Xobeh.
    71 | D        | Found a shadowy altar of Dithmenos.
    72 | D        | Found an iron altar of Okawaru.
    72 | D        | Found a shimmering altar of Xom.
    73 | D        | Found an opulent altar of Gozag.
    74 | D        | Found a basalt altar of Yredelemnul.
    74 | D        | Found a roughly hewn altar of Beogh.
    76 | D        | Killed an oklob sapling priest
    76 | D        | Reached skill level 9 in Axes
    76 | D        | Reached XP level 5. HP: 41/41 MP: 3/5
    77 | D        | Found a stormy altar of Qazlal.
    86 | D        | Became a worshipper of Qazlal Stormbringer
   230 | D        | Noticed a queen bee
   230 | D        | Noticed a killer bee
   231 | D        | Noticed a killer bee
   232 | D        | Noticed a killer bee
   232 | D        | Noticed a killer bee
   242 | D        | Killed a killer bee
   242 | D        | Reached skill level 10 in Axes
   242 | D        | Reached skill level 1 in Evocations
   246 | D        | Killed a killer bee
   246 | D        | Reached skill level 11 in Axes
   246 | D        | Reached XP level 6. HP: 35/47 MP: 5/7
   256 | D        | Slain by a killer bee

Vault maps used:
D:        dungeon_sprint_fedhas

Action                   |  1- 3 |  4- 6 || total
-------------------------+-------+-------++-------
Melee: War axe           |     4 |     9 ||    13
 Abil: Evoke Invisibilit |       |     1 ||     1
  Use: Potion            |     1 |     3 ||     4
